 Dungeon Crawl Stone Soup version 0.17-a0-1642-gd4b747b (webtiles) character file.

1436 ithil the Ducker (level 8, 0/49 HPs)
             Began as a Tengu Berserker on Aug 8, 2015.
             Was an Elder of Trog.
             Succumbed to a killer bee's poison
             ... while paralysed
             ... on level 5 of the Dungeon.
             The game lasted 00:44:47 (4859 turns).

ithil the Ducker (Tengu Berserker)                  Turns: 4859, Time: 00:44:47

Health: 0/49       AC: 10    Str: 19    XL:     8   Next: 73%
Magic:  9/9        EV:  2    Int:  8    God:    Trog [****..]
Gold:   95         SH:  0    Dex: 14    Spells: 0 memorised, 7 levels left

rFire  + . .     SeeInvis .     w - +3 spear (freeze)
rCold  . . .     Clarity  .     m - +3 ring mail {rF+}
rNeg   . . .     SustAt   .     (no shield)
rPois  .         Gourm    .     (helmet restricted)
rElec  .         Spirit   .     j - +0 cloak
rCorr  .         Warding  .     (no gloves)
rMut   .         Stasis   .     (boots unavailable)
MR     .....                    (no amulet)
Stlth  +.........               (no ring)
                                (no ring)

@: paralysed, lethally poisoned (0 -> -14), exhausted, slowed, not resistant to
hostile enchantments, very unstealthy
A: beak, talons 3, deterioration 1, mutation resistance 1, able to fly 1
a: Fly, Burn Spellbooks, Berserk, Trog's Hand, Brothers in Arms, Renounce
Religion


You were on level 5 of the Dungeon.
You worshipped Trog.
Trog was greatly pleased with you.
You were not hungry.

You visited 2 branches of the dungeon, and saw 6 of its levels.

You collected 225 gold pieces.
You spent 130 gold pieces at shops.

Inventory:

Hand weapons
 d - a +0 giant club
 h - a +1 dagger of draining
 i - a cursed -3 whip
 n - a +1 whip of draining
 w - a +3 spear of freezing (weapon)
 z - a +0 hunting sling
 G - a +0 dagger of chaos
Missiles
 e - 78 stones (quivered)
 l - 42 sling bullets
 C - 15 sling bullets of flame
Armour
 b - a +1 animal skin
 g - a +0 scale mail
 j - a +0 cloak (worn)
 k - a +0 ring mail
 m - a +3 ring mail of fire resistance (worn)
 p - a +0 robe
 A - a +0 ring mail
 F - a +0 chain mail
Magical devices
 D - a wand of cold (6)
 H - a wand of fire (0)
Scrolls
 o - a scroll of fog
 x - 2 scrolls of teleportation
 E - 3 scrolls of remove curse
Potions
 q - 2 potions of mutation
 t - 2 potions of heal wounds
 u - a potion of flight
 v - a potion of cancellation
 B - a potion of curing
Comestibles
 c - 6 bread rations
 f - 2 meat rations
 s - 5 fruits


   Skills:
 + Level 5.2 Fighting
 + Level 2.4 Short Blades
 * Level 5.3 Polearms
 + Level 1.5 Throwing
 + Level 5.4 Armour
 + Level 7.4 Dodging
 + Level 1.4 Stealth


You had 7 spell levels left.
You didn't know any spells.

Dungeon Overview and Level Annotations

Branches:
Dungeon (5/15)             Temple (1/1) D:5

Altars:
Ashenzari
Elyvilon
Fedhas
Kikubaaqudgha
Makhleb
Nemelex Xobeh
Okawaru
Qazlal
Ru
Sif Muna
Trog
Vehumet
Xom
Yredelemnul
Zin
The Shining One

Shops:
D:5 !


Innate Abilities, Weirdness & Mutations

You have a beak for a mouth.
You have claws for feet.
You can fly.
Your body sometimes deteriorates upon taking damage.
You are somewhat resistant to further mutation.


Message History

Trog accepts your kill.
* * * LOW HITPOINT WARNING * * *
You feel sick.
* * * LOW HITPOINT WARNING * * *
You feel sick.
You see here a killer bee corpse.
You are too berserk!
Eat which item? (? for menu, Esc to quit)
* * * LOW HITPOINT WARNING * * *
You feel sick.
That beef jerky was delicious!
You feel a strong urge to attack something.
* * * LOW HITPOINT WARNING * * *
You feel sick.
You are no longer berserk.
You pass out from exhaustion.
You feel yourself slow down.
* * * LOW HITPOINT WARNING * * *
You feel sick.
You die...

..<....... ######.##. #
#.# ######.## ........
..####.#
#.####.######### .#
#.............†####...##
.......#######†.@...<...
######## ####.......
....... ##.%.## ...# ###


There were no monsters in sight!

Vanquished Creatures
  Grinder (D:3)
  Menkaure (D:4)
  An ice beast (D:5)
  2 ogres (D:4)
  A sky beast (D:5)
  A scorpion (D:4)
  6 killer bees (D:5)
  5 crimson imps (D:3)
  A hound (D:4)
  Jessica (D:2)
  Natasha (twice) (D:3)
  Robin (D:3)
  4 adders
  3 gnolls (D:2)
  2 oozes
  3 worms
  3 giant geckos
  5 orcs (D:4)
  4 ball pythons
  11 bats
  A giant cockroach (D:2)
  10 hobgoblins
  5 jackals
  11 kobolds
  4 quokkas
  6 giant newts
  13 goblins
  8 rats
116 creatures vanquished.

Notes
Turn   | Place    | Note
--------------------------------------------------------------
     0 | D:1      | ithil the Tengu Berserker began the quest for the Orb.
     0 | D:1      | Reached XP level 1. HP: 14/14 MP: 2/2
   278 | D:1      | Reached XP level 2. HP: 13/19 MP: 3/3
  1111 | D:2      | Reached XP level 3. HP: 14/23 MP: 4/4
  1148 | D:2      | Gained mutation: You are somewhat resistant to further mutation. [potion of mutation]
  1258 | D:2      | Acquired Trog's second power
  1307 | D:2      | Found a stormy altar of Qazlal.
  1333 | D:2      | Found a blossoming altar of Fedhas.
  1354 | D:2      | Noticed Jessica
  1368 | D:2      | Killed Jessica
  1368 | D:2      | Reached XP level 4. HP: 15/29 MP: 5/5
  1414 | D:2      | Reached skill level 4 in Polearms
  1785 | D:2      | Gained mutation: You can fly. [Tengu growth]
  1785 | D:2      | Reached XP level 5. HP: 33/33 MP: 6/6
  2126 | D:3      | Found a shimmering altar of Xom.
  2143 | D:3      | Noticed Robin
  2168 | D:3      | Killed Robin
  2224 | D:3      | Reached XP level 6. HP: 31/38 MP: 7/7
  2289 | D:3      | Noticed Grinder
  2310 | D:3      | Killed Grinder
  2310 | D:3      | Reached skill level 1 in Short Blades
  2310 | D:3      | Reached skill level 5 in Dodging
  2310 | D:3      | Reached XP level 7. HP: 43/44 MP: 8/8
  2516 | D:3      | Noticed Natasha
  2538 | D:3      | Killed Natasha
  2675 | D:3      | Noticed Natasha
  2682 | D:3      | Killed Natasha
  3205 | D:4      | Noticed Menkaure
  3215 | D:4      | Reached skill level 6 in Dodging
  3218 | D:4      | Killed Menkaure
  3218 | D:4      | Reached skill level 1 in Stealth
  3471 | D:4      | Reached XP level 8. HP: 46/48 MP: 9/9
  3647 | D:4      | Found a deep blue altar of Sif Muna.
  4141 | D:5      | Entered Level 5 of the Dungeon
  4143 | D:5      | Found Ohufem's Distillery.
  4156 | D:5      | Bought a potion of heal wounds for 50 gold pieces
  4156 | D:5      | Bought a potion of heal wounds for 50 gold pieces
  4156 | D:5      | Bought a potion of curing for 30 gold pieces
  4189 | D:5      | Found a radiant altar of Vehumet.
  4299 | D:5      | Reached skill level 5 in Armour
  4299 | D:5      | Reached skill level 7 in Dodging
  4331 | D:5      | Acquired Trog's third power
  4331 | D:5      | Reached skill level 5 in Polearms
  4331 | D:5      | Reached skill level 1 in Throwing
  4342 | D:5      | Gained mutation: Your body sometimes deteriorates upon taking damage. [mutagenic meat]
  4376 | D:5      | Found a staircase to the Ecumenical Temple.
  4382 | Temple   | Entered the Ecumenical Temple
  4842 | D:5      | Reached skill level 5 in Fighting
  4857 | D:5      | HP: 3/73 [poisoned by a killer bee]
  4858 | D:5      | HP: 1/49 [poisoned by a killer bee]
  4859 | D:5      | Succumbed to a killer bee's poison

Vault maps used:
D:1:      shiori_arrival_elements
D:2:      grunt_temple_overflow_forces_of_nature, minmay_misc_feat_encased,
          uniq_jessica
D:3:      led_xom_imps, kennysheep_generic_room_2, uniq_grinder, uniq_robin,
          uniq_natasha
D:4:      lemuel_crystal_altar, first_bread, minmay_misc_feat_ornament,
          uniq_menkaure
D:5:      fiery_altar_vehumet, minmay_temple_entry_enclosed_plants,
          serial_shops, nicolae_shop_temple_entry_statues_fountains
Temple:   bh_familiar_temple

Action                   |  1- 3 |  4- 6 |  7- 9 || total
-------------------------+-------+-------+-------++-------
Melee: Spear             |    16 |       |    69 ||    85
       Dagger            |    69 |   132 |   159 ||   360
Throw: Stone             |     8 |     4 |    18 ||    30
Invok: Berserk           |     1 |     3 |     6 ||    10
       Burn Spellbooks   |       |     1 |     1 ||     2
       Trog's Hand       |       |       |     1 ||     1
  Use: Scroll            |     5 |     2 |     5 ||    12
       Potion            |     4 |     5 |     3 ||    12
  Eat: Chunk             |     1 |     7 |    10 ||    18
       Bread ration      |       |       |     1 ||     1
       Fruit             |       |       |     1 ||     1
       Beef jerky        |       |       |     1 ||     1
